 Dungeon Sprint DCSS version 0.30-a0-1161-g0704695555 (webtiles) character file.

Game seed: 10358805045599985151

8600000 123456 the Archmage (level 27, -73/248 (292) HPs)
             Began as an Armataur Wanderer on Apr 27, 2023.
             Was the Champion of Makhleb.
             Killed from afar by a wretched soul (109 damage)
             ... with a bolt of negative energy
             ... in the Dungeon (Sprint VIII: "Arena of Blood").
             The game lasted 00:04:29 (86 turns).

123456 the Archmage (Armataur Wanderer)               Turns: 86, Time: 00:04:30

HP:   -73/248 (292) AC: 10    Str: 18    XL:     27
MP:   25/54         EV: 28    Int: 11    God:    Makhleb [******]
Gold: 0             SH:  0    Dex: 25    Spells: 80/80 levels left

rFire   . . .        j - +∞ Axe of Woe
rCold   . . .        (shield currently unavailable)
rNeg    . . .        d - +0 leather armour
rPois   .            b - +0 helmet
rElec   .            (no cloak)
rCorr   .            (no gloves)
SInv    .            (no barding)
Will    ++...        (no amulet)
Stlth   ++++++++++   (no ring)
HPRegen 0.61/turn    (no ring)
MPRegen 0.34/turn

%: no teleportation, roll
@: heavily drained
A: large, rugged brown scales 3, deformed body, armoured tail, roll, long
tongue, awkward tongue
a: Renounce Religion, Minor Destruction, Lesser Servant of Makhleb, Major
Destruction, Greater Servant of Makhleb


You were in the Dungeon.
You worshipped Makhleb.
Makhleb was exalted by your worship.
You visited 1 branch

Inventory:

Hand Weapons
 a - a +0 falchion
 j - the +∞ Axe of Woe (weapon)
   (You found it in the Dungeon)
Armour
 b - a +0 helmet (worn)
 d - a +0 leather armour (worn)
Scrolls
 i - a scroll of blinking
Potions
 c - 2 potions of curing
 e - a potion of heal wounds
 f - a potion of haste
 g - 2 potions of magic
 h - a potion of berserk rage


   Skills:
 O Level 27 Fighting
 + Level 25.5(27) Short Blades
 O Level 27 Long Blades
 O Level 27 Axes
 + Level 23.6(27) Maces & Flails
 + Level 21.9(27) Polearms
 + Level 23.6(27) Staves
 + Level 20.3 Ranged Weapons
 + Level 23.6 Throwing
 O Level 27 Armour
 + Level 21.9 Dodging
 O Level 27 Stealth
 O Level 27 Shields
 + Level 25.4 Unarmed Combat
 O Level 27 Spellcasting
 + Level 25.5 Conjurations
 + Level 25.5 Hexes
 + Level 23.6 Summonings
 + Level 23.6 Necromancy
 O Level 27 Translocations
 + Level 25.5 Transmutations
 + Level 25.5 Fire Magic
 + Level 25.5 Ice Magic
 + Level 25.5 Air Magic
 + Level 25.5 Earth Magic
 + Level 25.5 Poison Magic
 O Level 27 Invocations
 O Level 27 Evocations


You had 80 spell levels left.
You didn't know any spells.
Your spell library contained the following spells:

 Spells                   Type           Power      Damage    Failure   Level
 Sandblast                Erth           100%       2d20      0%          1
 Summon Small Mammal      Summ           100%       N/A       0%          1
 Momentum Strike          Conj/Tloc      100%       3d10      0%          2
 Scorch                   Fire           100%       2d9       0%          2


Dungeon Overview and Level Annotations

Branches:
Dungeon (1/1)

Altars:
Makhleb


Innate Abilities, Weirdness & Mutations

You are completely covered in rugged brown scales. (AC +3, +7% HP)
Armour fits poorly on your strangely shaped body.
You have a long armoured tail.
You roll when moving toward enemies. (Rampage)
Your long tongue fully drains potion bottles. (2x potion effects)
Your tongue gives you trouble enunciating. (1.5x scroll delay)


Message History

You fatally mangle the bag of meat.
You kill the bag of meat!
Makhleb accepts your kill.
You feel better.
The meat beast appears out of thin air!
A meat beast comes into view. x2
You hear a shout! x3
An eight-headed meat hydra comes into view.
A meat beast comes into view.
You hear a shout!
The meat beast moves out of view.
Unknown command.
Unknown command.
Unknown command.
Unknown command.
Unknown command.
Unknown command.
Unknown command.
You roll towards the bag of meat!
A bag of meat comes into view. It is wielding a +9 war axe.
The meat beast bleats!
The meat beast gives a hideous shriek!
The eight-headed meat hydra roars!
You slice the bag of meat!!
You butcher the bag of meat messily.
You kill the bag of meat!
Makhleb accepts your kill.
You feel better.
You hear a shout! x5
The meat berserker rages.
The eight-headed meat hydra calls on the powers of darkness!
The eight-headed meat hydra convulses!
The bag of meat convulses!
The eight-headed meat hydra convulses!
Your body is wracked with pain!
* * * LOW HITPOINT WARNING * * *
The bag of meat convulses!
The large bag of meat convulses!
Flame seeps out of the large bag of meat.
The bag of meat convulses!
You hear a shout!
A bolt of negative energy appears from out of thin air!
Deactivating autopickup; reactivate with Ctrl-A.
The bolt of negative energy hits you!!!!
You feel drained.
You die...

.. #..V..#.......#.
....#_)<._#.........
....#...).#.....o#2#.
......)V)))).).......
.......###)o).)..o.#.#
..###.......###..O....
....#.....).#.o.......
....#.......#..)z.....
.......)O)..W.@o....D.
......2)){)..)).#...#.
.......))W).)..#.{..#
......))))))O##..D..#
...#...)))))#○.....#..
.......).)).#...###...
..##.#...2........ ..#
. ................. ..
#....#.....####...


You could see 2 meat beasts, 2 eight-headed meat hydras, a sculptor of flesh, 2
large bags of meat, 2 dreads, a meat berserker (berserk) and 4 bags of meat.

Vanquished Creatures
  3 hell beasts (D)
  2 royal mummies (D)
  3 wraiths (D)
  13 vampire knights (D)
  26 ogres (D)
  7 two-headed ogres (D)
  3 liches (D)
  63 orcs (D)
  5 skeletal warriors (D)
125 creatures vanquished.

Notes
Turn   | Place    | Note
-------+----------+-------------------------------------------
     0 | D        | Found the +∞ Axe of Woe
     0 | D        | 123456 the Armataur Wanderer began the quest for the Orb.
     0 | D        | 123456 set off with the following items: a +0 falchion, a
                  | +0 helmet, 2 potions of curing, a +0 leather armour, a
                  | potion of heal wounds, a potion of haste, 2 potions of
                  | magic, a potion of berserk rage, a scroll of blinking; and
                  | the following spells available to memorise: Sandblast,
                  | Summon Small Mammal, Momentum Strike, Scorch.
     0 | D        | Reached XP level 1. HP: 14/14 MP: 6/6
     2 | D        | Noticed a bag of meat
     3 | D        | Noticed a bag of meat
     4 | D        | Became a worshipper of Makhleb the Destroyer
     5 | D        | Noticed a bag of meat
     5 | D        | Noticed a bag of meat
     6 | D        | Noticed a bag of meat
     6 | D        | Noticed a meat berserker
     8 | D        | Killed a bag of meat
     8 | D        | Noticed a bag of meat
     8 | D        | Noticed a meat berserker
     8 | D        | Noticed a bag of meat
     9 | D        | Reached XP level 2. HP: 21/21 MP: 6/24
     9 | D        | Reached XP level 3. HP: 27/27 MP: 6/25
     9 | D        | Reached XP level 4. HP: 35/35 MP: 6/27
     9 | D        | Reached XP level 5. HP: 40/40 MP: 6/28
     9 | D        | Reached XP level 6. HP: 48/48 MP: 6/30
     9 | D        | Reached XP level 7. HP: 53/53 MP: 6/31
     9 | D        | Reached XP level 8. HP: 60/60 MP: 6/33
     9 | D        | Reached XP level 9. HP: 66/66 MP: 6/34
     9 | D        | Reached XP level 10. HP: 73/73 MP: 6/35
     9 | D        | Killed a meat berserker
     9 | D        | Reached * piety under Makhleb
     9 | D        | Noticed a bag of meat
     9 | D        | Noticed a bag of meat
     9 | D        | Noticed a bag of meat
    10 | D        | Reached skill level 5 in Axes
    10 | D        | Reached XP level 11. HP: 70/79 MP: 6/40
    10 | D        | Reached XP level 12. HP: 76/86 MP: 6/41
    10 | D        | Killed a bag of meat
    10 | D        | Killed a meat berserker
    10 | D        | Killed a bag of meat
    10 | D        | Reached ** piety under Makhleb
    10 | D        | Noticed a bag of meat
    10 | D        | Noticed a bag of meat
    11 | D        | Reached skill level 27 in Spellcasting
    11 | D        | Reached skill level 5 in Evocations
    11 | D        | Reached XP level 13. HP: 102/102 MP: 6/44
    11 | D        | Reached XP level 14. HP: 110/110 MP: 6/45
    11 | D        | Killed a bag of meat
    11 | D        | Noticed a bag of meat
    12 | D        | Reached skill level 5 in Fighting
    12 | D        | Killed a bag of meat
    12 | D        | Noticed a bag of meat
    12 | D        | Noticed a bag of meat
    13 | D        | Noticed a bag of meat
    13 | D        | Killed a bag of meat
    13 | D        | Reached *** piety under Makhleb
    14 | D        | Reached skill level 10 in Armour
    14 | D        | Killed a bag of meat
    15 | D        | Reached XP level 15. HP: 130/131 MP: 8/46
    15 | D        | Noticed a meat berserker
    16 | D        | Reached **** piety under Makhleb
    17 | D        | Reached skill level 10 in Fighting
    17 | D        | Reached skill level 10 in Long Blades
    17 | D        | Noticed a meat berserker
    19 | D        | Noticed a destroyer
    20 | D        | Reached skill level 10 in Stealth
    20 | D        | Reached XP level 16. HP: 150/150 MP: 9/47
    20 | D        | Reached ***** piety under Makhleb
    21 | D        | Noticed a destroyer
    21 | D        | Noticed a large bag of meat
    22 | D        | Noticed a destroyer
    22 | D        | Killed a meat berserker
    23 | D        | Reached skill level 27 in Axes
    23 | D        | Reached skill level 15 in Armour
    24 | D        | Reached skill level 10 in Evocations
    24 | D        | Reached XP level 17. HP: 182/182 MP: 10/48
    24 | D        | Killed a meat berserker
    25 | D        | Noticed a large bag of meat
    26 | D        | Reached ****** piety under Makhleb
    27 | D        | Reached skill level 15 in Long Blades
    28 | D        | Noticed a sculptor of flesh
    28 | D        | Killed a destroyer
    29 | D        | Reached skill level 15 in Stealth
    29 | D        | Noticed a large bag of meat
    30 | D        | Noticed a destroyer
    30 | D        | Killed a large bag of meat
    30 | D        | Noticed a meat berserker
    30 | D        | Noticed a destroyer
    31 | D        | Reached skill level 27 in Fighting
    31 | D        | Reached XP level 18. HP: 187/214 MP: 12/49
    31 | D        | Noticed a large bag of meat
    31 | D        | Noticed a sculptor of flesh
    31 | D        | Noticed a meat berserker
    31 | D        | Noticed a destroyer
    31 | D        | Noticed a meat berserker
    32 | D        | Noticed a destroyer
    33 | D        | Killed a meat berserker
    33 | D        | Noticed a meat berserker
    34 | D        | Reached skill level 15 in Evocations
    34 | D        | Noticed a meat berserker
    34 | D        | Killed a large bag of meat
    34 | D        | Killed a destroyer
    35 | D        | Reached skill level 27 in Armour
    35 | D        | Reached XP level 19. HP: 178/221 MP: 12/50
    35 | D        | Killed a destroyer
    36 | D        | Noticed a meat berserker
    36 | D        | Noticed a large bag of meat
    37 | D        | Killed a destroyer
    37 | D        | Killed a meat berserker
    37 | D        | Noticed a destroyer
    38 | D        | Reached skill level 27 in Long Blades
    38 | D        | Reached skill level 27 in Stealth
    38 | D        | Killed a meat berserker
    38 | D        | Noticed a meat berserker
    38 | D        | Noticed a destroyer
    39 | D        | Reached skill level 27 in Evocations
    39 | D        | Reached XP level 20. HP: 231/231 MP: 13/51
    40 | D        | Reached skill level 5 in Shields
    40 | D        | Noticed a destroyer
    40 | D        | Noticed a meat berserker
    40 | D        | Noticed a meat berserker
    40 | D        | Killed a meat berserker
    41 | D        | Reached skill level 5 in Maces & Flails
    41 | D        | Reached skill level 5 in Polearms
    41 | D        | Reached skill level 5 in Staves
    41 | D        | Reached skill level 5 in Throwing
    41 | D        | Reached skill level 5 in Dodging
    41 | D        | Reached skill level 5 in Summonings
    41 | D        | Reached skill level 5 in Necromancy
    41 | D        | Noticed a large bag of meat
    41 | D        | Noticed a destroyer
    41 | D        | Noticed a meat berserker
    43 | D        | Reached skill level 5 in Ranged Weapons
    43 | D        | Killed a destroyer
    43 | D        | Killed a meat berserker
    44 | D        | Reached skill level 10 in Shields
    44 | D        | Reached XP level 21. HP: 230/239 MP: 15/52
    44 | D        | Killed a large bag of meat
    45 | D        | Reached skill level 10 in Translocations
    45 | D        | Reached skill level 10 in Invocations
    45 | D        | Noticed an accursed
    46 | D        | Reached skill level 10 in Summonings
    46 | D        | Reached skill level 10 in Necromancy
    46 | D        | Noticed a large bag of meat
    46 | D        | Killed a destroyer
    47 | D        | Reached skill level 10 in Polearms
    47 | D        | Reached skill level 10 in Dodging
    47 | D        | Reached XP level 22. HP: 218/249 MP: 15/53
    48 | D        | Reached skill level 15 in Shields
    48 | D        | Killed a destroyer
    48 | D        | Noticed a destroyer
    49 | D        | Reached skill level 10 in Ranged Weapons
    49 | D        | Reached XP level 23. HP: 231/256 MP: 16/54
    49 | D        | Killed a destroyer
    49 | D        | Killed a destroyer
    50 | D        | Reached skill level 15 in Translocations
    50 | D        | Reached skill level 15 in Invocations
    50 | D        | Killed a large bag of meat
    51 | D        | Reached skill level 15 in Short Blades
    51 | D        | Reached skill level 15 in Unarmed Combat
    51 | D        | Reached skill level 15 in Conjurations
    51 | D        | Reached skill level 15 in Hexes
    51 | D        | Reached skill level 15 in Transmutations
    51 | D        | Reached skill level 15 in Fire Magic
    51 | D        | Reached skill level 15 in Ice Magic
    51 | D        | Reached skill level 15 in Air Magic
    51 | D        | Reached skill level 15 in Earth Magic
    51 | D        | Reached skill level 15 in Poison Magic
    52 | D        | Noticed an accursed
    52 | D        | Killed a large bag of meat
    52 | D        | Killed a destroyer
    53 | D        | Reached skill level 15 in Maces & Flails
    53 | D        | Reached skill level 15 in Staves
    53 | D        | Reached skill level 15 in Throwing
    53 | D        | Reached skill level 15 in Summonings
    53 | D        | Reached skill level 15 in Necromancy
    53 | D        | Reached XP level 24. HP: 212/266 MP: 17/54
    53 | D        | Killed a large bag of meat
    53 | D        | Noticed a tyrant
    54 | D        | Noticed a destroyer
    54 | D        | Killed a tyrant
    54 | D        | Noticed a tyrant
    55 | D        | Killed a destroyer
    56 | D        | Reached skill level 15 in Dodging
    56 | D        | Killed a destroyer
    57 | D        | Reached skill level 15 in Polearms
    57 | D        | Reached XP level 25. HP: 265/274 MP: 18/54
    57 | D        | Killed a large bag of meat
    60 | D        | Noticed a meat beast
    62 | D        | Noticed a tyrant
    64 | D        | Killed an accursed
    65 | D        | Reached skill level 15 in Ranged Weapons
    65 | D        | Reached XP level 26. HP: 251/284 MP: 20/54
    65 | D        | Noticed a dread
    65 | D        | Killed a meat beast
    66 | D        | Noticed a dread
    67 | D        | Killed an accursed
    67 | D        | Killed a destroyer
    68 | D        | Reached XP level 27. HP: 75/292 MP: 20/54
    71 | D        | Killed a tyrant
    72 | D        | Noticed a dread
    74 | D        | Killed a tyrant
    74 | D        | Noticed a dread
    75 | D        | Killed a dread
    76 | D        | Reached skill level 27 in Shields
    76 | D        | Noticed a meat beast
    77 | D        | Noticed a dread
    78 | D        | Noticed a meat beast
    79 | D        | Killed a dread
    80 | D        | Killed a meat beast
    82 | D        | Noticed a large bag of meat
    82 | D        | Noticed a large bag of meat
    83 | D        | Killed a meat beast
    83 | D        | Killed a dread
    84 | D        | Reached skill level 27 in Translocations
    84 | D        | Reached skill level 27 in Invocations
    85 | D        | Noticed a meat beast
    85 | D        | Noticed a meat beast
    86 | D        | Noticed a meat beast
    86 | D        | Killed from afar by a wretched soul

Illustrated notes

Levels and vault maps discovered:
D:        meatsprint

Skill      XL: |  1  2  3  4  5  6  7  8  9 10 11 12 13 14 15 16 17 18 19 20 21 22 23 24 25 26 27 |
---------------+----------------------------------------------------------------------------------+-----
Long Blades    | 3 4 7 9 11 14 18 23 27 | 27.0
Axes           | 3 5 14 20 24 27 | 27.0
Stealth        | 3 4 7 9 10 12 16 21 27 | 27.0
Spellcasting   | 21 25 27 | 27.0
Evocations     | 2 3 5 7 8 10 13 18 27 | 27.0
Armour         | 3 8 11 13 17 22 27 | 27.0
Fighting       | 3 8 12 20 27 | 27.0
Short Blades   | 8 12 13 16 18 20 22 25 | 25.5
Maces & Flails | 7 11 12 15 16 18 20 23 | 23.6
Polearms       | 6 10 11 13 15 17 18 21 | 21.9
Staves         | 7 11 12 15 16 18 20 23 | 23.6
Ranged Weapons | 6 9 10 12 13 15 17 20 | 20.3
Throwing       | 7 11 12 15 16 18 20 23 | 23.6
Dodging        | 7 10 11 14 15 17 18 21 | 21.9
Shields        | 10 14 16 19 21 23 25 27 | 27.0
Unarmed Combat | 8 12 13 16 18 20 22 25 | 25.4
Conjurations   | 8 12 13 16 18 20 22 25 | 25.5
Hexes          | 8 12 13 16 18 20 22 25 | 25.5
Summonings     | 7 11 12 15 16 18 20 23 | 23.6
Necromancy     | 7 11 12 15 16 18 20 23 | 23.6
Translocations | 9 13 14 18 19 21 23 27 | 27.0
Transmutations | 8 12 13 16 18 20 22 25 | 25.5
Fire Magic     | 8 12 13 16 18 20 22 25 | 25.5
Ice Magic      | 8 12 13 16 18 20 22 25 | 25.5
Air Magic      | 8 12 13 16 18 20 22 25 | 25.5
Earth Magic    | 8 12 13 16 18 20 22 25 | 25.5
Poison Magic   | 8 12 13 16 18 20 22 25 | 25.5
Invocations    | 9 13 14 18 19 21 23 27 | 27.0

Action                     |  1- 3 |  4- 6 |  7- 9 | 10-12 | 13-15 | 16-18 | 19-21 | 22-24 | 25-27 || total
---------------------------+-------+-------+-------+-------+-------+-------+-------+-------+-------++-------
  Melee: Executioner's axe |     1 |       |       |     2 |     8 |    10 |    11 |    10 |    27 ||    69
  Dodge: Dodged            |       |       |       |       |       |       |       |       |     2 ||     2

Table legend: (Time is in decaauts)
 A = Elapsed time spent in this place.
 B = Non-inter-level travel time spent in this place.
 C = Inter-level travel time spent in this place.
 D = Time resting spent in this place.
 E = Time spent auto-exploring this place.
 F = Levels seen in this place.
 G = Mean time per level.
                   A        B        C        D        E       F      G
               +--------+--------+--------+--------+--------+-----+--------+
         Total |     69 |     69 |      0 |      0 |      0 |   1 |   69.0 |
       Dungeon |     69 |     69 |      0 |      0 |      0 |   1 |   69.0 |
               +--------+--------+--------+--------+--------+-----+--------+

Top non-repeatable levels by time:
       D: 69 daAuts
